 Dungeon Crawl Stone Soup version 0.31-a0-705-ga145531891 (webtiles) character file.

Game seed: 13448696208844819741

316946 Charly the Warrior (level 21, -7/148 HPs)
             Began as a Vine Stalker Chaos Knight on Sept 9, 2023.
             Was a Favourite Plaything of Xom.
             Killed from afar by a deep elf elementalist (28 damage)
             ... with a blast of rock fragments
             ... on level 3 of the Elven Halls on Sept 10, 2023.
             The game lasted 01:59:33 (33313 turns).

Charly the Warrior (Vine Stalker Chaos Knight)     Turns: 33313, Time: 01:59:33

Health: -7/148     AC: 29    Str: 29    XL:     21   Next: 41%
Magic:  0/20       EV: 12    Int: 15    God:    Xom [...*..]
Gold:   868        SH: 20    Dex: 15    Spells: 30/30 levels left

rFire   . . .        a - +5 eveningstar (vamp)
rCold   + + +        W - +2 kite shield
rNeg    + . .        E - +9 storm dragon scales
rPois   +            w - +1 helmet of Wumo {Rampage rF+ rC+}
rElec   +            S - scarf "Taat" {repulsion, rPois MP-9 Dex-5 Slay+4}
rCorr   .            d - +1 pair of gloves
SInv    .            K - +0 pair of boots
Will    +++..        I - amulet "Mesum" {Reflect Fly rC+ Dex+4 SH+5} Stlth
                     l - ring "Paemeiga" {Contam rPois rN+ AC+4 Dex+6}
HPRegen 1.24/turn    X - +4 ring of slaying
MPRegen 0.17/turn

%: repel missiles, reflection, clarity, guardian spirit, rampage
@: mighty, brilliant, corroded, flying, studying Dodging
A: fangs 3, regeneration 1, magic shield, antimagic bite, no potion heal 2,
claws 1, talons 1, camouflage 1, clarity, clever 1, clumsy 1, cold resistance 1,
strong-willed 1, robust 2, strong 1, heat vulnerability 1
}: 2/15 runes: decaying, gossamer
a: Renounce Religion


You were on level 3 of the Elven Halls.
You worshipped Xom.
You were a favourite toy of Xom.
You visited 7 branches of the dungeon, and saw 35 of its levels.
You also visited: Sewer, Ossuary, Bailey and Volcano.

You collected 6498 gold pieces.
You spent 5630 gold pieces at shops.

Inventory:

Hand Weapons
 a - a +5 vampiric eveningstar (weapon)
 b - a +9 eveningstar of protection
Missiles
 F - 4 throwing nets
Armour
 d - a +1 pair of gloves (worn)
 w - the +1 helmet of Wumo (worn) {Rampage rF+ rC+}
   (You found it on level 1 of the Lair of Beasts)

   rF+:       It protects you from fire.
   rC+:       It protects you from cold.
   Rampage:   It bestows one free step when moving towards enemies.
 E - +9 storm dragon scales (worn)
 K - a +0 pair of boots (worn)
 S - the scarf "Taat" (worn) {repulsion, rPois MP-9 Dex-5 Slay+4}
   (You found it on level 1 of the Swamp)

   Dex-5:     It affects your dexterity (-5).
   Slay+4:    It affects your accuracy & damage with ranged weapons and melee
   (+4).
   rPois:     It protects you from poison MP-9: It affects your magic capacity
   (-9).
 W - a +2 kite shield (worn)
Jewellery
 c - a ring of protection from cold
 f - a ring of protection from fire
 l - the ring "Paemeiga" (left hand) {Contam rPois rN+ AC+4 Dex+6}
   (You found it on level 1 of the Swamp)

   [ring of protection]

   AC+4:      It affects your AC (+4).
   Dex+6:     It affects your dexterity (+6).
   rPois:     It protects you from poison rN+: It protects you from negative
   energy.
   Contam:    It causes magical contamination when unequipped.
 y - a ring of see invisible
 I - the amulet "Mesum" (around neck) {Reflect Fly rC+ Dex+4 SH+5}
   (You acquired it on level 14 of the Dungeon)

   [amulet of reflection]

   Reflect:   It reflects blocked missile attacks.
   Dex+4:     It affects your dexterity (+4).
   rC+:       It protects you from cold.
   Fly:       It grants you flight.
   SH+5:      It affects your SH (+5).
 X - a +4 ring of slaying (right hand)
Wands
 e - a wand of acid (20)
 i - a wand of iceblast (15)
 r - a wand of polymorph (26)
 D - a wand of digging (4)
 H - a wand of charming (66)
 L - a wand of mindburst (16)
 R - a wand of flame (99)
Scrolls
 g - 4 scrolls of revelation
 m - 3 scrolls of vulnerability
 o - 5 scrolls of fog
 x - 3 scrolls of immolation
 A - 4 scrolls of poison
 B - 10 scrolls of teleportation
 G - a scroll of summoning
 J - 2 scrolls of silence
 U - 2 scrolls of fear
 Z - 2 scrolls of blinking
Potions
 h - 5 potions of invisibility
 j - 3 potions of attraction
 k - 7 potions of resistance
 q - 7 potions of might
 s - 12 potions of mutation
 t - 7 potions of haste
 v - 5 potions of magic
 z - 6 potions of enlightenment
 C - 2 potions of berserk rage
 M - 2 potions of brilliance
 N - 7 potions of ambrosia
 O - 3 potions of lignification
 P - 20 potions of curing
 Y - 3 potions of cancellation
Miscellaneous
 n - a phantom mirror
 p - a phial of floods
 u - a sack of spiders (inert)
 Q - a lightning rod (inert) (quivered)
 T - a tin of tremorstones (inert)


   Skills:
 + Level 18.5 Fighting
 - Level 13.2(15.7) Axes
 - Level 13.8(16.0) Maces & Flails
 + Level 9.1 Armour
 + Level 8.3 Dodging
 - Level 2.0 Stealth
 + Level 15.0 Shields
 - Level 5.0 Spellcasting
 - Level 15.0 Evocations


You had 30 spell levels left.
You didn't know any spells.
Your spell library contained the following spells:

 Spells                   Type           Power      Damage    Failure   Level
 Apportation              Tloc           10%        N/A       67%         1
 Magic Dart               Conj           20%        1d4       67%         1
 Necrotise                Necr           20%        1d5       67%         1
 Summon Small Mammal      Summ           20%        N/A       67%         1
 Cigotuvi's Dreadful Rot  Necr/Pois/Air  10%        N/A       82%         2
 Scorch                   Fire           10%        2d5       82%         2
 Searing Ray              Conj           10%        2d4       82%         2
 Sublimation of Blood     Necr           5%         N/A       82%         2
 Wereblood                Tmut           5%         N/A       82%         2
 Ignite Poison            Fire/Tmut/Pois 5%         N/A       96%         3
 Summon Guardian Golem    Hex/Summ       5%         N/A       96%         3
 Tukima's Dance           Hex            5%         N/A       96%         3
 Animate Dead             Necr           5%         N/A       100%        4
 Dispel Undead            Necr           5%         3d7       100%        4
 Flame Wave               Conj/Fire      5%         2d5       100%        4
 Fulminant Prism          Conj/Hex       2%         3d5       100%        4
 Passage of Golubria      Tloc           5%         N/A       100%        4
 Vhi's Electric Charge    Tloc/Air       10%        N/A       100%        4
 Alistair's Intoxication  Tmut/Pois      3%         N/A       100%        5
 Arcjolt                  Conj/Air       2%         1d12      100%        5
 Borgnjor's Vile Clutch   Necr/Erth      2%         N/A       100%        5
 Freezing Cloud           Conj/Ice/Air   2%         6-21      100%        5
 Summon Forest            Summ/Tloc      2%         N/A       100%        5
 Summon Mana Viper        Hex/Summ       5%         N/A       100%        5
 Yara's Violent Unravell  Hex/Tmut       2%         3d3       100%        5
 Death Channel            Necr           2%         N/A       100%        6
 Eringya's Noxious Bog    Tmut/Pois      2%         4d6       100%        6
 Summon Cactus Giant      Summ           2%         N/A       100%        6
 Orb of Destruction       Conj           2%         9d5       100%        7
 Spellforged Servitor     Conj/Summ      2%         N/A       100%        7
 Summon Hydra             Summ           2%         N/A       100%        7
 Maxwell's Capacitive Co  Air            2%         ∞         100%        8


Dungeon Overview and Level Annotations

Branches:
Dungeon (15/15)            Temple (0/1) D:6            Lair (5/5) D:9
  Swamp (4/4) Lair:2       Spider (4/4) Lair:3          Orc (2/2) D:11
    Elf (3/3) Orc:2        Vaults (2/5) D:14          Crypt (0/3) Vaults:2
 Depths (0/4) D:15          Sewer (visited)         Ossuary (visited)
 Bailey (visited)         Volcano (visited)
  Slime: Lair:4-5

Altars:
Elyvilon
Kikubaaqudgha
Makhleb
Qazlal
Ru
Uskayaw
Wu Jian
Xom
Yredelemnul
The Shining One
Jiyva

Shops:
D:5 **   D:12 ?   Orc:2 =*:![   Elf:1 *=([[   Elf:3 !   Vaults:2 *

Annotations:
D:7 1 runed translucent door, Crazy Yiuf
Lair:5 exclusion: oklob plant


Innate Abilities, Weirdness & Mutations

You have razor-sharp teeth.
Your natural rate of healing is unusually fast.
When hurt, damage is shared between your health and your magic reserves.
Your bite disrupts and absorbs the magic of your enemies.
Potions cannot restore your health.
You have sharp fingernails.
You have sharp toenails.
Your skin changes colour to match your surroundings (Stealth+).
You possess an exceptional clarity of mind.
Your mind is acute. (Int +4, Str/Dex -1)
You are clumsy. (Dex -2)
Your flesh is cold resistant. (rC+)
You are strong-willed. (Will+)
You are very robust. (+20% HP)
Your muscles are strong. (Str +4, Int/Dex -1)
You are vulnerable to heat. (rF-)


Message History

You completely miss the ghostly deep elf annihilator.
You bite the ghostly deep elf annihilator!
The ghostly deep elf annihilator's magic leaks into the air.
You drain its magic.
The ghostly deep elf annihilator is almost destroyed.
The deep elf sorcerer gestures wildly while chanting.
The deep elf sorcerer seems to speed up.
The deep elf sorcerer gestures wildly while chanting.
The deep elf sorcerer seems to speed up.
The deep elf annihilator casts a spell.
The deep elf annihilator blinks!
The ghostly deep elf annihilator casts a spell at you.
The bolt of lightning hits you! You resist.
* * * LOW HITPOINT WARNING * * *
The bolt of lightning hits your tarantella!!
Your tarantella dies!
Your tarantella's corpse disappears in a puff of smoke!
You puncture the ghostly deep elf annihilator!
You bite the ghostly deep elf annihilator, but do no damage.
The ghostly deep elf annihilator is almost destroyed.
The ghostly deep elf annihilator hits you with a +3 rapier of venom.
* * * LOW HITPOINT WARNING * * *
You closely miss the ghostly deep elf annihilator.
Your bite misses the ghostly deep elf annihilator.
The ghostly deep elf annihilator is almost destroyed.
The deep elf elementalist points next to you and mumbles some strange words.
The wall shatters!
The blast of rock fragments hits you!
* * * LOW HITPOINT WARNING * * *
The deep elf annihilator mumbles some strange words.
The deep elf annihilator blinks!
You bludgeon the ghostly deep elf annihilator!!
You destroy the ghostly deep elf annihilator!
The deep elf sorcerer points at you and mumbles some strange words.
The sphere of damnation explodes!
The damnation engulfs you!!!
* * * LOW HITPOINT WARNING * * *
The deep elf demonologist gestures wildly while chanting.
The deep elf elementalist gestures next to you while chanting.
The wall shatters!
The blast of rock fragments hits you!!
You die...
Xom bursts into laughter!

##..#....#..# #..#....#..#
####. #..#....#..# ####....
#..#....'..# .#...e⌠..
#..#....#..#
§......)#######..#....#..#
.......)......#..#....#..#
#.......ee###....######..#
.....eeeee2|@.#..........####
.......e#######..............
.#....⌠e...+ #..........)...
####..e.e.# #..######..##'#
####..## #..#....#..#... +##
#..#....#..#...
#..#....#..#...
#..#....#..#...
#..#'####..##+#


You could see a deep elf master archer, a green death (summoned), a deep elf
annihilator, a deep elf death mage, 2 deep elf sorcerers, a deep elf
elementalist (repels missiles), a deep elf demonologist and a deep elf
pyromancer.

Vanquished Creatures
  Mara (Vaults:2)
  the Lernaean hydra (Swamp:4)
  Norris (Elf:1)
  Nikola (Spider:4)
  2 tentacled monstrosities (Swamp:1)
  A deep elf master archer (Elf:3)
  2 deep elf blademasters (Elf:3)
  Agnes (Elf:1)
  Kirke (D:14)
  Frances (Elf:1)
  2 thorn hunters (Swamp:1)
  2 storm dragons
  The ghost of Vorhees the Eclecticist, an adept DjHs of Elyvilon (Spider:1)
  Roxanne (Elf:1)
  2 fenstrider witches
  2 deep elf sorcerers (Elf:3)
  2 iron dragons (Elf:1)
  7 vault wardens
  Louise (D:15)
  5 emperor scorpions (Spider:4)
  A ghoul (Swamp:1)
  A deep elf elementalist (Elf:3)
  8 ironbound preservers
  4 ghost moths
  An orc warlord (Vaults:2)
  A quicksilver ooze (Lair:2)
  2 stone giants
  10 ironbound thunderhulks
  A broodmother (Spider:4)
  6 deep elf demonologists
  2 bunyips (Swamp:4)
  An eleionoma (Swamp:1)
  Azrael (Spider:3)
  4 deep elf annihilators (Elf:3)
  3 entropy weavers (Spider:4)
  2 deep elf death magi
  3 deep elf high priests
  3 yaktaur captains
  A great orb of eyes (Vaults:1)
  3 fire dragons
  Josephine (Swamp:1)
  9 vault guards
  3 catoblepae (Lair:5)
  4 ghost crabs
  15 hydras
  An ice dragon (Elf:1)
  8 alligators
  Erica (D:8)
  5 ironbound frosthearts (Vaults:1)
  10 centaur warriors
  11 boulder beetles
  5 ogre magi
  A hell hog (Volcano)
  3 radroaches
  23 two-headed ogres
  An orc high priest (Elf:3)
  20 death yaks
  31 dancing weapons
  4 demonic crawlers
  19 deep elf knights
  3 skysharks (Elf:1)
  6 pharaoh ants
  4 goliath frogs
  4 skeletal warriors (D:14)
  10 swamp dragons (Swamp:4)
  3 sun moths
  16 deep trolls
  A death drake (Swamp:1)
  12 deep elf archers
  2 spriggan druids
  4 orb spiders
  26 deep elf pyromancers
  3 wizards
  A necromancer (Vaults:1)
  4 bog bodies
  10 ironbound convokers
  14 lindwurms
  Pikel (D:6)
  5 orc knights
  7 steelbarb worms
  29 deep elf zephyrmancers
  14 wolf spiders
  5 ugly things
  A salamander (Volcano)
  7 cyclopes
  5 will-o-the-wisps
  An orc sorcerer (Elf:1)
  A guardian serpent (shapeshifter) (D:14)
  4 manticores
  3 moths of wrath
  A guardian serpent (Spider:4)
  8 elephants
  9 black mambas
  Joseph (D:10)
  16 vault sentinels
  2 gargoyles
  12 cane toads
  6 kobold demonologists
  An unseen horror (shapeshifter) (D:15)
  An unseen horror (D:11)
  2 rime drakes
  6 komodo dragons
  6 torpor snails
  A freezing wraith (D:14)
  3 meliai (Spider:3)
  A bloated husk (Swamp:1)
  5 trolls
  10 hornets
  18 tarantellas
  A blink frog (shapeshifter) (D:15)
  4 polar bears
  Prince Ribbit (D:8)
  7 tyrant leeches
  31 blink frogs
  11 dream sheep
  A snapping turtle (Spider:4)
  31 slime creatures
  8 jumping spiders (Spider:4)
  4 air elementals
  5 wraiths
  11 spriggans
  16 culicivoras
  3 wyverns
  3 water elementals
  11 humans (D:14)
  41 yaks
  4 basilisks
  A vampire (D:12)
  6 fire elementals
  7 hogs (D:14)
  3 fire bats
  33 redbacks
  6 vampire mosquitoes
  A steam dragon (D:8)
  13 wargs
  Menkaure (D:6)
  Edmund (D:6)
  22 swamp worms
  7 hell hounds
  Duvessa (D:7)
  16 water moccasins
  2 sky beasts (D:7)
  2 black bears
  29 orc warriors
  10 swamp drakes
  An ice beast (D:7)
  25 ogres
  5 wolves (Lair:4)
  15 centaurs
  A tengu (D:9)
  4 boggarts
  A lemure (D:6)
  A phantom (D:5)
  11 kobold brigands
  An elf zombie (Ossuary)
  14 bullfrogs
  5 gnoll sergeants
  2 necrophages (D:4)
  3 scorpions
  4 earth elementals
  5 wights (D:9)
  Dowan (D:7)
  11 killer bees
  21 howler monkeys
  4 electric eels
  6 hounds
  4 jellies
  11 orc priests
  7 gnoll boudas
  A human zombie (D:4)
  Jessica (D:2)
  2 iguanas (D:4)
  19 orc wizards
  A scorpion zombie (D:4)
  A hound zombie (D:4)
  7 mummies
  17 gnolls
  11 adders
  A river rat (D:6)
  2 shadow imps
  2 white imps (D:7)
  An ufetubus (D:4)
  3 adder zombies (D:4)
  2 worms (D:2)
  2 dart slugs (D:1)
  46 orcs
  8 bats
  2 endoplasms (D:1)
  4 giant cockroaches
  A gnoll zombie (Ossuary)
  10 goblins
  9 hobgoblins
  2 jackals (D:3)
  44 kobolds
  4 quokkas
  6 ball pythons
  4 frilled lizards
  3 goblin zombies (Ossuary)
  3 hobgoblin zombies (Ossuary)
  2 kobold zombies (Ossuary)
  4 rats
  A butterfly (Lair:2)
1328 creatures vanquished.

Vanquished Creatures (collateral kills)
  Donald (Orc:2)
  2 ironbound thunderhulks (Vaults:2)
  2 deep elf demonologists (Elf:1)
  A bunyip (Swamp:2)
  A yaktaur captain (Vaults:2)
  2 vault guards (Vaults:2)
  A spriggan air mage (Swamp:1)
  A centaur warrior (D:15)
  Sonja (D:10)
  2 deep elf knights
  An obsidian statue (Swamp:1)
  A deep elf archer (Elf:1)
  An orc knight (Orc:2)
  A vault sentinel (Vaults:2)
  A tarantella (Spider:1)
  A wraith (Ossuary)
  3 yaks (D:10)
  A redback (Spider:1)
  A swamp drake (Swamp:2)
  An ogre (D:5)
  A kobold brigand (D:7)
  A killer bee (D:9)
  A gnoll bouda (D:9)
  2 iguanas (D:7)
  An orc wizard (D:3)
  3 orcs
35 creatures vanquished.

Vanquished Creatures (others)
  A broodmother (Spider:3)
  2 vault guards
  6 deep elf knights
  A deep elf zephyrmancer (Elf:1)
  A kobold demonologist (D:9)
  A bloated husk (Swamp:1)
  A hornet (Swamp:4)
  A tyrant leech (Swamp:4)
  A jumping spider (Spider:3)
  A spriggan (Swamp:4)
  2 swamp worms
  A swamp drake (D:9)
  An orc priest (D:9)
  An orc (D:8)
  9 foxfires
30 creatures vanquished.

Grand Total: 1393 creatures vanquished

Notes
Turn   | Place    | Note
-------+----------+-------------------------------------------
     0 | D:1      | Charly the Vine Stalker Chaos Knight began the quest for
                  | the Orb.
     0 | D:1      | Reached XP level 1. HP: 11/11 MP: 2/2
    63 | D:1      | Reached XP level 2. HP: 16/16 MP: 3/3
   194 | D:1      | Reached skill level 1 in Stealth
   198 | D:1      | XOM: silly message
   254 | D:1      | XOM: potion effect (attraction)
   301 | D:1      | XOM: silly message
   400 | D:1      | XOM: give mutations
   400 | D:1      | Gained mutation: You heal very quickly. [Xom's mischief]
   400 | D:1      | Gained mutation: You are covered in fur. (AC +1) [Xom's
                  | mischief]
   425 | D:1      | Reached skill level 3 in Fighting
   433 | D:1      | Reached XP level 3. HP: 20/20 MP: 4/4
   558 | D:1      | XOM: noise
   752 | D:1      | XOM: divination: magic mapping
  1433 | D:2      | Reached XP level 4. HP: 24/24 MP: 5/5
  1532 | D:2      | Noticed Jessica
  1538 | D:2      | Killed Jessica
  1539 | D:2      | Reached skill level 4 in Fighting
  1926 | D:3      | XOM: fake destruction
  1947 | D:3      | XOM: potion effect (attraction)
  1956 | D:3      | XOM: smoke on damage
  1966 | D:3      | XOM: cast spell 'Discord'
  1967 | D:3      | Reached XP level 5. HP: 30/30 MP: 2/6
  1997 | D:3      | XOM: silly message
  2036 | D:3      | XOM is BORED!
  2059 | D:3      | Identified the +3 ring mail "Zachav" {MP+9 Int+4}
  2234 | D:3      | XOM: give mutations
  2234 | D:3      | Gained mutation: Your magical capacity is low. (-10% MP)
                  | [Xom's mischief]
  2234 | D:3      | Lost mutation: You heal very quickly. [Xom's mischief]
  2396 | D:3      | XOM: noise
  2878 | D:4      | Reached skill level 5 in Fighting
  2882 | D:4      | Reached skill level 1 in Evocations
  2882 | D:4      | Reached XP level 6. HP: 34/35 MP: 6/6
  2909 | D:4      | Found a basalt altar of Yredelemnul.
  3055 | D:4      | Reached XP level 7. HP: 39/39 MP: 7/7
  3078 | D:4      | Found a sand-covered staircase.
  3083 | Ossuary  | XOM: noise
  3083 | Ossuary  | Entered an ossuary
  3083 | Ossuary  | Noticed a wraith
  3083 | Ossuary  | Noticed a wraith
  3083 | Ossuary  | Noticed a wraith
  3310 | Ossuary  | Noticed a wraith
  3324 | Ossuary  | XOM: summons 4 hostile demons
  3328 | Ossuary  | XOM: silly message
  3330 | Ossuary  | XOM: swap monsters
  3335 | Ossuary  | XOM: chaos cloud
  3361 | Ossuary  | XOM: give mutation
  3361 | Ossuary  | Gained mutation: You have sharp fingernails. [Xom's grace]
  3388 | Ossuary  | XOM: enchant monster (bad)
  3421 | Ossuary  | XOM: summons 7 friendly demons
  3427 | Ossuary  | Killed a wraith
  3530 | Ossuary  | XOM: draining
  3573 | D:4      | XOM: scenery: create altars
  3593 | D:4      | XOM: potion effect (might)
  3596 | D:4      | Reached skill level 6 in Fighting
  3670 | D:4      | XOM: summons 3 hostile shadow creatures
  3880 | D:4      | Found a sacrificial altar of Ru.
  3888 | D:4      | Gained mutation: You have razor-sharp teeth. [Vine Stalker
                  | growth]
  3888 | D:4      | Reached XP level 8. HP: 44/44 MP: 8/8
  4006 | D:4      | Reached skill level 5 in Evocations
  4072 | D:4      | XOM: noise
  4250 | D:4      | Reached skill level 1 in Spellcasting
  4341 | D:5      | Entered Level 5 of the Dungeon
  4427 | D:5      | XOM: destruction
  4435 | D:5      | XOM: chaos upgrade
  4439 | D:4      | XOM: polymorph gnoll -> iguana
  4562 | D:5      | XOM: silly message
  4583 | D:5      | Reached skill level 7 in Fighting
  4664 | D:5      | XOM: divination: magic mapping
  4731 | D:5      | XOM: cast spell 'Summon Mana Viper'
  4820 | D:5      | XOM: potion effect (berserk rage)
  4879 | D:5      | Found a glowing golden altar of the Shining One.
  4903 | D:5      | XOM: scenery: summon butterflies
  4906 | D:5      | XOM: 1-stop teleportation journey
  4993 | D:5      | Found Jausubops's Specific Store.
  5005 | D:5      | Reached skill level 5 in Maces & Flails
  5005 | D:5      | Reached XP level 9. HP: 41/50 MP: 11/11
  5013 | D:5      | Found Imang's General Store.
  5025 | D:5      | Bought a wand of polymorph (3) for 46 gold pieces
  5025 | D:5      | Bought a scroll of identify for 22 gold pieces
  5025 | D:5      | Bought a wand of digging (1) for 46 gold pieces
  5185 | D:6      | Found a glowing drain.
  5206 | Sewer    | Entered a sewer
  5447 | D:6      | Noticed Pikel
  5453 | D:6      | XOM: divination: magic mapping
  5480 | D:6      | XOM: potion effect (might)
  5481 | D:6      | Killed Pikel
  5482 | D:6      | Reached skill level 8 in Fighting
  5589 | D:6      | XOM: silly message
  5626 | D:6      | Found a burning altar of Makhleb.
  5626 | D:6      | Noticed a blizzard demon
  5629 | D:6      | Noticed a smoke demon
  5629 | D:6      | Noticed a smoke demon
  5762 | D:6      | XOM: silly message
  5855 | D:6      | Noticed Menkaure
  5856 | D:6      | XOM: smoke on damage
  5870 | D:6      | Killed Menkaure
  6043 | D:6      | Found a staircase to the Ecumenical Temple.
  6066 | D:6      | Noticed Sigmund
  6068 | D:6      | Identified the +7 hand axe "Isyum" {vamp, rC- Dex+2 SInv}
  6069 | D:6      | Sigmund changed into Sigmund the hound
  6069 | D:6      | Noticed Sigmund
  6069 | D:6      | XOM: potion effect (might)
  6073 | D:6      | Killed Sigmund the hound
  6097 | D:6      | Noticed Edmund
  6100 | D:6      | XOM: confusion
  6104 | D:6      | Killed Edmund
  6105 | D:6      | Reached skill level 1 in Axes
  6342 | D:6      | XOM: silly message
  6345 | D:7      | XOM: stealth player
  6379 | D:7      | XOM: divination: detect items
  6412 | D:7      | Reached XP level 10. HP: 54/57 MP: 12/12
  6480 | D:7      | Reached skill level 9 in Fighting
  6483 | D:7      | Noticed Duvessa
  6485 | D:7      | XOM: cast spell 'Summon Mana Viper'
  6488 | D:7      | Noticed Dowan
  6494 | D:7      | Killed Dowan
  6496 | D:7      | Killed Duvessa
  6758 | D:7      | Noticed Maggie
  6758 | D:7      | XOM: silly message
  6758 | D:7      | XOM: butterfly on damage
  6759 | D:7      | Maggie changed into Maggie the sky beast
  6759 | D:7      | Noticed Maggie
  6771 | D:7      | Killed Maggie the sky beast
  6925 | D:7      | Found a runed translucent door.
  6926 | D:7      | Noticed Crazy Yiuf
  6996 | D:7      | Found a hide-covered altar of Uskayaw.
  7185 | D:8      | Identified the +0 robe of Ongal {Str+3}
  7199 | D:8      | XOM: divination: detect creatures
  7224 | D:8      | Noticed Erica
  7232 | D:8      | XOM: enchant monster (good)
  7241 | D:8      | Killed Erica
  7378 | D:8      | Found a stormy altar of Qazlal.
  7387 | D:8      | Noticed Prince Ribbit
  7392 | D:8      | Killed Prince Ribbit
  7416 | D:8      | XOM: destruction
  7525 | D:8      | Found an ornate altar of the Wu Jian Council.
  7558 | D:8      | XOM: cleaving
  7627 | D:8      | XOM: enchant monster (good)
  7860 | D:9      | XOM: god gift: hand axe {god gift}
  8014 | D:9      | Noticed a kobold demonologist
  8015 | D:9      | XOM: summons friendly shadow imp
  8058 | D:9      | XOM: summons 6 hostile demons
  8152 | D:9      | Reached skill level 5 in Axes
  8285 | D:9      | Noticed a two-headed ogre
  8293 | D:9      | XOM: fog
  8301 | D:9      | Killed a two-headed ogre
  8302 | D:9      | Reached skill level 10 in Fighting
  8302 | D:9      | Reached XP level 11. HP: 63/63 MP: 16/16
  8329 | D:9      | XOM: cloud trail
  8342 | D:9      | Found a staircase to the Lair.
  8353 | D:9      | XOM: cleaving
  8355 | D:9      | XOM: summons friendly crimson imp
  8384 | D:9      | Noticed a green ugly thing
  8391 | D:9      | XOM: summons friendly quasit
  8397 | D:9      | Killed a green ugly thing
  8472 | D:9      | XOM: polymorph gnoll sergeant -> jelly
  8482 | D:9      | XOM: smoke on damage
  8590 | D:9      | XOM: enchant monster (bad)
  8594 | D:9      | Reached skill level 5 in Spellcasting
  8653 | D:9      | XOM: divine lightning
  8753 | D:5      | Bought a tin of tremorstones (2/2) for 440 gold pieces
  8881 | D:9      | Noticed a two-headed ogre
  9062 | D:9      | Noticed a two-headed ogre
  9064 | D:9      | Noticed a deep elf pyromancer
  9066 | D:9      | Killed a two-headed ogre
  9068 | D:9      | Killed a deep elf pyromancer
  9078 | D:9      | Noticed a two-headed ogre
  9090 | D:9      | XOM: scenery: 4 doors close
  9153 | D:9      | XOM: chaos upgrade
  9156 | D:9      | XOM: cast spell 'Olgreb's Toxic Radiance'
  9156 | D:9      | Killed a two-headed ogre
  9157 | D:9      | Reached XP level 12. HP: 69/69 MP: 17/18
  9221 | D:9      | Noticed a two-headed ogre
  9226 | D:9      | Killed a two-headed ogre
  9235 | D:9      | XOM: chaos upgrade
  9376 | D:9      | Killed a two-headed ogre
  9377 | D:9      | Reached skill level 11 in Fighting
  9580 | D:9      | Found a white marble altar of Elyvilon.
  9666 | D:9      | XOM: divination: magic mapping
  9686 | D:9      | XOM: god gift: 20 gold pieces
  9795 | D:9      | XOM: cast spell 'Summon Hydra'
  9826 | D:10     | Entered Level 10 of the Dungeon
  9876 | D:10     | Found a flagged portal.
  9886 | Bailey   | Entered a bailey
 10063 | Bailey   | XOM: silly message
 10217 | D:10     | Reached skill level 10 in Evocations
 10361 | D:10     | XOM: summons friendly white imp
 10369 | D:10     | XOM: cast spell 'Summon Dragon'
 10411 | D:10     | Noticed Sonja
 10412 | D:10     | Killed Sonja
 10554 | D:10     | Noticed a two-headed ogre
 10564 | D:10     | Killed a two-headed ogre
 10599 | D:10     | XOM: 2-stop teleportation journey
 10728 | D:10     | Noticed Joseph
 10728 | D:10     | XOM: scenery: create altars
 10746 | D:10     | Killed Joseph
 10752 | D:10     | XOM: potion effect (berserk rage)
 10979 | D:10     | XOM: destruction
 11021 | D:10     | XOM: enchant monster (bad)
 11104 | D:10     | XOM: silly message
 11207 | Lair:1   | Entered Level 1 of the Lair of Beasts
 11256 | Lair:1   | Reached skill level 1 in Shields
 11277 | Lair:1   | XOM: blink monster(s)
 11286 | Lair:1   | XOM: enchant monster (bad)
 11355 | Lair:1   | XOM: god gift: 52 gold pieces
 11409 | Lair:1   | Noticed a four-headed hydra
 11416 | Lair:1   | Killed a four-headed hydra
 11417 | Lair:1   | Reached XP level 13. HP: 63/74 MP: 19/19
 11551 | Lair:1   | XOM: 1-stop teleportation journey
 11587 | Lair:1   | XOM: snakes to sticks
 11703 | Lair:1   | XOM: 2-stop teleportation journey
 11719 | Lair:1   | Found a transporter.
 11772 | Lair:1   | Found a transporter.
 11776 | Lair:1   | Reached skill level 12 in Fighting
 11914 | Lair:1   | XOM: give mutations
 11914 | Lair:1   | Lost mutation: Your magical capacity is low. (-10% MP)
                  | [Xom's grace]
 11914 | Lair:1   | Gained mutation: Your spells are a little harder to cast,
                  | but a little more powerful. [Xom's grace]
 11914 | Lair:1   | Gained mutation: You have a pair of small horns on your
                  | head. [Xom's grace]
 11914 | Lair:1   | Gained mutation: You have a somewhat thin skeletal
                  | structure. (Dex +2, Stealth+) [Xom's grace]
 12316 | Lair:1   | Identified the +1 helmet of Wumo {Rampage rF+ rC+}
 12360 | Lair:2   | Found a staircase to the Swamp.
 12387 | Lair:2   | a death yak changed into a quicksilver ooze
 12387 | Lair:2   | Noticed a quicksilver ooze
 12387 | Lair:2   | XOM: polymorph death yak -> quicksilver ooze
 12391 | Lair:2   | XOM: swap monsters
 12476 | Lair:2   | XOM: 4-stop teleportation journey
 12494 | Lair:2   | Killed a quicksilver ooze
 12496 | Lair:2   | XOM: swap monsters
 12512 | Lair:2   | XOM: repel stairs
 12514 | Lair:2   | XOM: enchant monster (bad)
 12755 | Lair:2   | Reached skill level 5 in Shields
 13329 | Lair:3   | Found a dark tunnel.
 13348 | Volcano  | Entered a volcano
 13450 | Volcano  | XOM: 2-stop teleportation journey
 13458 | Volcano  | Reached XP level 14. HP: 81/81 MP: 22/22
 13681 | Lair:3   | Found a hole to the Spider Nest.
 13784 | Lair:3   | XOM: polymorph bullfrog -> fire bat
 13829 | Lair:3   | Reached skill level 10 in Axes
 13932 | Lair:3   | XOM: summons 1 hostile demon
 13947 | Lair:3   | XOM: silly message
 14351 | Lair:4   | XOM: noise
 14362 | Lair:4   | Reached skill level 13 in Fighting
 14518 | Lair:4   | You fall into a shaft and drop 1 floor!
 14518 | Lair:5   | Entered Level 5 of the Lair of Beasts
 14687 | Lair:5   | XOM: confuse monster(s)
 14700 | Lair:5   | XOM: swap monsters
 14717 | Lair:5   | XOM: cast spell 'Chain of Chaos'
 14769 | Lair:5   | XOM: potion effect (attraction)
 14841 | Lair:5   | XOM: 5-stop teleportation journey
 14849 | Lair:5   | XOM: give mutations
 14849 | Lair:5   | Gained mutation: You are partially covered in large bone
                  | plates. (SH +4) [Xom's grace]
 14849 | Lair:5   | Gained mutation: Your muscles are strong. (Str +4, Int/Dex
                  | -1) [Xom's grace]
 14849 | Lair:5   | Gained mutation: Your mind is acute. (Int +4, Str/Dex -1)
                  | [Xom's grace]
 14880 | Lair:5   | XOM: enchant monster (good)
 14886 | Lair:5   | XOM: enchant monster (good)
 14953 | Lair:5   | XOM: 1-stop teleportation journey
 14954 | Lair:5   | XOM: fake destruction
 14968 | Lair:5   | XOM: give mutation
 14968 | Lair:5   | Gained mutation: Your muscles are very strong. (Str +8,
                  | Int/Dex -2) [Xom's grace]
 15125 | Lair:5   | XOM: enchant monster (good)
 15128 | Lair:5   | XOM: potion effect (invisibility)
 15133 | Lair:5   | XOM: summons friendly shadow imp
 15281 | Lair:5   | XOM: summons friendly shadow imp
 15324 | Lair:5   | Reached XP level 15. HP: 83/86 MP: 23/23
 15333 | Lair:5   | XOM: silly message
 15573 | Lair:5   | Found a viscous altar of Jiyva.
 16026 | Lair:4   | XOM: confuse monster(s)
 16219 | Lair:4   | XOM: 3-stop teleportation journey
 16821 | Lair:2   | XOM: divination: magic mapping
 16840 | Lair:1   | XOM: give mutations
 16840 | Lair:1   | Gained mutation: You are robust. (+10% HP) [Xom's grace]
 16840 | Lair:1   | Gained mutation: You are very robust. (+20% HP) [Xom's
                  | grace]
 16840 | Lair:1   | Gained mutation: You are extremely robust. (+30% HP) [Xom's
                  | grace]
 16840 | Lair:1   | Gained mutation: You have hidden genetic potential. [Xom's
                  | grace]
 17028 | D:11     | Found a staircase to the Orcish Mines.
 17134 | D:11     | XOM: cloud trail
 17426 | D:11     | XOM: cast spell 'Summon Small Mammal'
 17514 | D:12     | Reached skill level 14 in Fighting
 17652 | D:12     | You fall into a shaft and drop 1 floor!
 17939 | D:13     | XOM: noise
 18005 | D:13     | XOM: silly message
 18535 | D:12     | Found Xigge Urhie's Magic Scroll Boutique.
 18538 | D:12     | Bought a scroll of fear for 56 gold pieces
 18538 | D:12     | Bought a scroll of revelation for 105 gold pieces
 18538 | D:12     | Bought a scroll of blinking for 105 gold pieces
 18538 | D:12     | Bought a scroll of teleportation for 42 gold pieces
 18538 | D:12     | Bought a scroll of enchant weapon for 105 gold pieces
 18538 | D:12     | Bought a scroll of teleportation for 42 gold pieces
 18538 | D:12     | Bought a scroll of vulnerability for 56 gold pieces
 18778 | D:14     | Identified a scroll of acquirement
 18778 | D:14     | Acquired the amulet "Mesum" {Reflect Fly rC+ Dex+4 SH+5}
 18949 | D:14     | XOM: enchant monster (good)
 18950 | D:14     | XOM: confuse monster(s)
 19071 | D:14     | Identified the staff of Locus Delicti {rC+ Dex+2 Summ Ice}
                  | (Xom gifted it to you on level 14 of the Dungeon)
 19071 | D:14     | XOM: god gift: staff of Locus Delicti {rC+ Dex+2 Summ Ice}
 19080 | D:14     | XOM: summons friendly shadow imp
 19091 | D:14     | XOM: confuse monster(s)
 19157 | D:14     | Noticed Kirke
 19167 | D:14     | Killed Kirke
 19176 | D:14     | XOM: cloud trail
 19194 | D:14     | XOM: divination: magic mapping
 19228 | D:14     | XOM: confuse monster(s)
 19433 | D:14     | XOM: summons friendly crimson imp
 19459 | D:14     | Found a gate to the Vaults.
 19640 | D:14     | XOM: give mutations
 19640 | D:14     | Lost mutation: You have sharp fingernails. [Xom's mischief]
 19640 | D:14     | Lost mutation: You are covered in fur. (AC +1) [Xom's
                  | mischief]
 19672 | D:14     | XOM: give mutations
 19672 | D:14     | Lost mutation: Your spells are a little harder to cast, but
                  | a little more powerful. [Xom's mischief]
 19672 | D:14     | Lost mutation: You have a pair of small horns on your head.
                  | [Xom's mischief]
 19672 | D:14     | Lost mutation: You are partially covered in large bone
                  | plates. (SH +4) [Xom's mischief]
 19672 | D:14     | Lost mutation: You have hidden genetic potential. [Xom's
                  | mischief]
 19749 | D:15     | Entered Level 15 of the Dungeon
 19754 | D:15     | Identified the +8 orcbow "Okkyfru" {drain, rF+ Str+4 Int+5}
 19887 | D:15     | Noticed Louise
 20062 | Orc:1    | Entered Level 1 of the Orcish Mines
 20152 | Orc:2    | Entered Level 2 of the Orcish Mines
 20157 | Orc:2    | Found Daits's Jewellery Emporium.
 20167 | Orc:2    | Found a staircase to the Elven Halls.
 20249 | Orc:1    | XOM: summons 1 hostile demon
 20268 | Orc:1    | XOM: cloud trail
 20349 | Orc:2    | Noticed Donald
 20351 | Orc:2    | XOM: cast spell 'Summon Mana Viper'
 20365 | Orc:2    | Killed Donald
 20366 | Orc:2    | Reached XP level 16. HP: 70/120 MP: 16/24
 20478 | Orc:2    | Found Horoihiw's General Store.
 20478 | Orc:2    | Found Rital's Book Shop.
 20479 | Orc:2    | Found Torella's Distillery.
 20479 | Orc:2    | Found Hadipsou's Armour Shoppe.
 20490 | Orc:2    | XOM: swap monsters
 20606 | Orc:2    | XOM: 4-stop teleportation journey
 20691 | Orc:1    | XOM: god gift: wand of flame (11)
 20919 | Orc:2    | Bought 2 potions of invisibility for 272 gold pieces
 20919 | Orc:2    | Bought a scroll of teleportation for 51 gold pieces
 20919 | Orc:2    | Bought a potion of might for 68 gold pieces
 20920 | Orc:2    | Bought a potion of might for 52 gold pieces
 20920 | Orc:2    | Bought a potion of haste for 130 gold pieces
 20920 | Orc:2    | Bought a potion of haste for 130 gold pieces
 20920 | Orc:2    | Bought 2 potions of haste for 260 gold pieces
 20920 | Orc:2    | Bought a potion of mutation for 104 gold pieces
 20920 | Orc:2    | Bought a potion of mutation for 104 gold pieces
 21107 | D:15     | Killed Louise
 21157 | D:15     | XOM: 1-stop teleportation journey
 21221 | D:15     | XOM: cast spell 'Call Canine Familiar'
 21260 | D:15     | XOM: divination: detect creatures
 21293 | D:15     | XOM: 8-stop teleportation journey
 21585 | D:15     | Found a staircase to the Depths.
 21611 | D:15     | XOM: scenery: summon butterflies
 21861 | Swamp:1  | Entered Level 1 of the Swamp
 21861 | Swamp:1  | Noticed Josephine
 21863 | Swamp:1  | Noticed a fenstrider witch
 21868 | Swamp:1  | Paralysed by a fenstrider witch for 5 turns
 21877 | Lair:2   | Killed a fenstrider witch
 21942 | Swamp:1  | Killed Josephine
 21971 | Swamp:1  | Found a transporter.
 21973 | Swamp:1  | Noticed a thorn hunter
 21974 | Swamp:1  | Noticed a thorn hunter
 21980 | Swamp:1  | Noticed a fenstrider witch
 21986 | Swamp:1  | Noticed a tentacled monstrosity
 21990 | Swamp:1  | Found a transporter.
 21997 | Swamp:1  | Noticed a tentacled monstrosity
 22041 | Swamp:1  | You are sucked into a shaft and drop 1 floor!
 22045 | Swamp:2  | XOM: enchant monster (bad)
 22048 | Swamp:2  | XOM: cast spell 'Summon Horrible Things'
 22053 | Swamp:2  | Reached skill level 5 in Armour
 22167 | Swamp:1  | XOM: divination: detect creatures
 22168 | Swamp:1  | Reached skill level 15 in Fighting
 22172 | Swamp:1  | Reached skill level 10 in Shields
 22203 | Swamp:1  | XOM: 1-stop teleportation journey
 22450 | Swamp:1  | Killed a fenstrider witch
 22453 | Swamp:1  | Killed a thorn hunter
 22456 | Swamp:1  | XOM: cast spell 'Summon Hydra'
 22458 | Swamp:1  | Killed a tentacled monstrosity
 22461 | Swamp:1  | Killed a thorn hunter
 22461 | Swamp:1  | Killed a tentacled monstrosity
 22462 | Swamp:1  | Reached XP level 17. HP: 88/128 MP: 25/25
 22481 | Swamp:1  | XOM: silly message
 22482 | Swamp:1  | Identified the scarf "Taat" {repulsion, rPois MP-9 Dex-5
                  | Slay+4}
 22489 | Swamp:1  | Identified the ring "Paemeiga" {Contam rPois rN+ AC+4
                  | Dex+6}
 22527 | Swamp:2  | XOM: cast spell 'Olgreb's Toxic Radiance'
 22589 | Swamp:2  | XOM: give mutations
 22589 | Swamp:2  | Gained mutation: You are strong-willed. (Will+) [Xom's
                  | mischief]
 22589 | Swamp:2  | Lost mutation: You have a somewhat thin skeletal structure.
                  | (Dex +2, Stealth+) [Xom's mischief]
 22589 | Swamp:2  | Lost mutation: You are extremely robust. (+30% HP) [Xom's
                  | mischief]
 22635 | Swamp:2  | XOM: god gift: 37 gold pieces
 22656 | Swamp:2  | XOM: summons 1 hostile demon
 22722 | Swamp:2  | XOM: enchant monster (good)
 22804 | Swamp:2  | XOM: scenery: create altars
 23395 | Swamp:4  | Entered Level 4 of the Swamp
 23413 | Swamp:4  | XOM: blink monster(s)
 23428 | Swamp:4  | XOM: cast spell 'Summon Mana Viper'
 23510 | Swamp:4  | Noticed the 27-headed Lernaean hydra
 23510 | Swamp:4  | XOM: 5-stop teleportation journey
 23680 | Swamp:4  | XOM: blink monster(s)
 23776 | Swamp:4  | XOM: confuse monster(s)
 23780 | Swamp:4  | XOM: polymorph 27-headed Lernaean hydra -> 27-headed
                  | Lernaean hydra
 23781 | Swamp:4  | Killed the 27-headed Lernaean hydra
 23886 | Swamp:4  | XOM: swap monsters
 23982 | Swamp:4  | XOM: cast spell 'Summon Mana Viper'
 24071 | Swamp:4  | Got a decaying rune of Zot
 24264 | Lair:3   | XOM: god gift: +3 eveningstar of protection
 24279 | Spider:1 | Entered Level 1 of the Spider Nest
 24287 | Spider:1 | XOM: cast spell 'Summon Horrible Things'
 24352 | Spider:1 | Reached skill level 15 in Evocations
 24455 | Spider:1 | XOM: cloud trail
 24796 | Spider:1 | XOM: potion effect (attraction)
 24992 | Spider:1 | Found a large runed translucent door.
 24994 | Spider:1 | Found a large runed translucent door.
 24996 | Spider:1 | Noticed Vorhees's ghost (adept DjHs)
 25199 | Spider:1 | Killed Vorhees's ghost
 25308 | Spider:2 | XOM: confuse monster(s)
 25310 | Spider:2 | XOM: divination: detect items
 25312 | Spider:2 | Reached XP level 18. HP: 126/126 MP: 17/26
 25449 | Spider:2 | XOM: silly message
 25784 | Spider:3 | XOM: potion effect (berserk rage)
 25826 | Spider:3 | Reached skill level 16 in Fighting
 26010 | Spider:3 | XOM: noise
 26051 | Spider:3 | Noticed Azrael
 26060 | Spider:3 | Killed Azrael
 26184 | Spider:3 | XOM: divination: detect creatures
 26259 | Spider:3 | Identified the +7 war axe "Nytusmipn" {venom, rN+ Str+4}
 26546 | Spider:4 | Entered Level 4 of the Spider Nest
 26584 | Spider:4 | XOM: polymorph jumping spider -> guardian serpent
 26598 | Spider:4 | XOM: enchant monster (good)
 26665 | Spider:4 | XOM: potion effect (brilliance)
 26692 | Spider:4 | XOM: chaos cloud
 26961 | Spider:4 | XOM: polymorph jumping spider -> tarantella
 27006 | Spider:4 | Reached skill level 10 in Maces & Flails
 27015 | Spider:4 | XOM: polymorph emperor scorpion -> storm dragon
 27056 | Spider:4 | XOM: stat loss: -1 Int (12/14)
 27172 | Spider:4 | XOM: smoke on damage
 27173 | Spider:4 | XOM: silly message
 27185 | Spider:4 | XOM: summons 9 hostile demons
 27206 | Spider:4 | XOM: polymorph wolf spider -> snapping turtle
 27412 | Spider:4 | Identified the +0 pair of gloves of Makhleb's Inspiration
                  | {*Corrode Int+3 Dex+2 SInv}
 27412 | Spider:4 | Noticed Nikola
 27416 | Spider:4 | Killed Nikola
 27442 | Spider:4 | XOM: give mutation
 27442 | Spider:4 | Lost mutation: Your muscles are very strong. (Str +8,
                  | Int/Dex -2) [Xom's mischief]
 27456 | Spider:4 | Got a gossamer rune of Zot
 27845 | Vaults:1 | Entered Level 1 of the Vaults
 27853 | Vaults:1 | XOM: polymorph vault sentinel -> troll
 27916 | Vaults:1 | XOM: blink monster(s)
 27932 | Vaults:1 | XOM: blink monster(s)
 27935 | Vaults:1 | Reached XP level 19. HP: 116/133 MP: 15/27
 27941 | Vaults:1 | XOM: confuse monster(s)
 27963 | Vaults:1 | XOM: smoke on damage
 27989 | Vaults:1 | XOM: cast spell 'Summon Ice Beast'
 28221 | Vaults:1 | XOM: give mutations
 28221 | Vaults:1 | Lost mutation: You are strong-willed. (Will+) [Xom's
                  | mischief]
 28221 | Vaults:1 | Gained mutation: You are clumsy. (Dex -2) [Xom's mischief]
 28300 | Vaults:1 | XOM: give mutations
 28300 | Vaults:1 | Gained mutation: You are strong-willed. (Will+) [Xom's
                  | mischief]
 28300 | Vaults:1 | Gained mutation: You are vulnerable to heat. (rF-) [Xom's
                  | mischief]
 28300 | Vaults:1 | Gained mutation: You possess an exceptional clarity of
                  | mind. [Xom's mischief]
 28469 | Vaults:1 | You are sucked into a shaft and drop 1 floor!
 28498 | Vaults:2 | Noticed Mara
 28512 | Vaults:2 | Noticed Charly's illusion
 28515 | Vaults:2 | XOM: cast spell 'Summon Ice Beast'
 28523 | Vaults:2 | XOM: potion effect (brilliance)
 28528 | Vaults:2 | Noticed Charly's illusion
 28540 | Vaults:2 | Killed Mara
 28541 | Vaults:2 | Reached skill level 17 in Fighting
 28573 | Vaults:2 | XOM: summons 9 friendly demons
 28738 | Vaults:2 | XOM: scenery: 1 doors open
 28773 | Vaults:2 | XOM: destruction
 28776 | Vaults:2 | XOM: 1-stop teleportation journey
 28785 | Vaults:2 | XOM: summons friendly quasit
 28827 | Vaults:2 | XOM: divination: detect creatures
 28835 | Vaults:1 | XOM: cast spell 'Metabolic Englaciation'
 28929 | Vaults:1 | XOM: potion effect (magic)
 28933 | Vaults:1 | XOM: summons friendly ice devil
 28940 | Vaults:1 | XOM: god gift: 650 gold pieces
 29697 | Vaults:1 | XOM: cloud trail
 29878 | Vaults:2 | Identified the +1 dagger of the Grave {venom, rF- Str+4
                  | Dex+4}
 29949 | Vaults:2 | XOM: cast spell 'Leda's Liquefaction'
 29951 | Vaults:2 | XOM: summons 3 friendly demons
 30023 | Vaults:2 | XOM: potion effect (berserk rage)
 30148 | Vaults:2 | Identified the +1 robe of Vampiric Thralls {*Slow rC+
                  | Will++ Archmagi}
 30182 | Vaults:2 | Found Bophy's Assorted Antiques.
 30193 | Vaults:2 | XOM: enchant monster (good)
 30202 | Vaults:2 | XOM: divination: detect items
 30204 | Vaults:2 | XOM: scenery: 1 doors close
 30207 | Vaults:2 | Reached XP level 20. HP: 112/140 MP: 19/28
 30277 | Vaults:2 | Bought a sack of spiders for 1560 gold pieces
 30277 | Vaults:2 | Bought a potion of resistance for 390 gold pieces
 30277 | Vaults:2 | Bought a scroll labelled VUKHLI XUBOWO for 39 gold pieces
 30334 | Vaults:2 | XOM: fog
 30486 | Vaults:2 | Found a staircase to the Crypt.
 30486 | Vaults:2 | Found a basalt altar of Yredelemnul.
 30487 | Vaults:2 | Found an ancient bone altar of Kikubaaqudgha.
 30959 | Elf:1    | Entered Level 1 of the Elven Halls
 30959 | Elf:1    | Found Hitung's Jewellery Shoppe.
 30964 | Elf:1    | Found Cucviot's Weapon Emporium.
 30988 | Elf:1    | Found Siopuus's Antique Armour Shoppe.
 31008 | Elf:1    | Reached skill level 1 in Dodging
 31034 | Elf:1    | Noticed Agnes
 31040 | Elf:1    | Killed Agnes
 31041 | Elf:1    | XOM: confuse monster(s)
 31049 | Elf:1    | Noticed Frances
 31065 | Elf:1    | XOM: confuse monster(s)
 31070 | Elf:1    | XOM: cleaving
 31074 | Elf:1    | Killed Frances
 31081 | Elf:1    | Identified the +0 scale mail of Repulsion {Harm Str+3 Int-4
                  | SInv}
 31212 | Elf:1    | Noticed Norris
 31214 | Elf:1    | XOM: potion effect (attraction)
 31227 | Elf:1    | Killed Norris
 31273 | Elf:1    | Found Ceupp's Assorted Antiques.
 31281 | Elf:1    | XOM: confuse monster(s)
 31312 | Elf:1    | Bought a potion of might for 136 gold pieces
 31312 | Elf:1    | Bought a scroll of enchant armour for 255 gold pieces
 31312 | Elf:1    | Bought a distressingly furry ring mail for 306 gold pieces
 31312 | Elf:1    | Identified the +0 ring mail of Gluttony {rF+ Int+3} (You
                  | bought it in a shop on level 1 of the Elven Halls)
 31411 | Elf:1    | Found Kumojegh's Antique Armour Boutique.
 31416 | Elf:1    | Noticed Roxanne
 31432 | Elf:1    | Paralysed by an air elemental for 1 turns
 31436 | Elf:1    | Killed Roxanne
 31462 | Elf:1    | Paralysed by an air elemental for 1 turns
 31480 | Elf:1    | Bought a pair of glowing gloves for 180 gold pieces
 31675 | Elf:1    | Noticed a Brimstone Fiend
 31681 | Elf:1    | XOM: smoke on damage
 31692 | Elf:1    | XOM: potion effect (brilliance)
 31763 | Elf:1    | Found a runed translucent gate.
 31763 | Elf:1    | Found a runed translucent gate.
 31763 | Elf:1    | Found a runed translucent gate.
 31763 | Elf:1    | Found a runed translucent gate.
 31763 | Elf:1    | Found a runed translucent gate.
 31765 | Elf:1    | Found a runed translucent gate.
 31773 | Elf:1    | XOM: potion effect (invisibility)
 31959 | Elf:1    | Reached skill level 5 in Dodging
 32018 | Elf:2    | XOM: potion effect (brilliance)
 32023 | Elf:2    | Reached skill level 18 in Fighting
 32179 | Elf:2    | Found a runed translucent gate.
 32180 | Elf:2    | Found a runed translucent gate.
 32180 | Elf:2    | Found a runed translucent gate.
 32200 | Elf:2    | XOM: potion effect (haste)
 32274 | Elf:2    | Found an ancient bone altar of Kikubaaqudgha.
 32278 | Elf:2    | XOM: potion effect (haste)
 32281 | Elf:2    | XOM: confuse monster(s)
 32323 | Elf:2    | XOM: divination: detect creatures
 32324 | Elf:2    | XOM: enchant monster (good)
 32481 | Elf:2    | XOM: divination: detect creatures
 32536 | Elf:2    | Reached XP level 21. HP: 132/147 MP: 17/29
 32550 | Elf:2    | XOM: divine lightning
 32557 | Elf:2    | XOM: summons friendly white imp
 32789 | Elf:2    | XOM: give mutations
 32789 | Elf:2    | Gained mutation: Your flesh is cold resistant. (rC+) [Xom's
                  | grace]
 32789 | Elf:2    | Gained mutation: You have sharp fingernails. [Xom's grace]
 32789 | Elf:2    | Gained mutation: Your skin changes colour to match your
                  | surroundings (Stealth+). [Xom's grace]
 32789 | Elf:2    | Gained mutation: You have sharp toenails. [Xom's grace]
 32954 | Elf:3    | Entered Level 3 of the Elven Halls
 32992 | Elf:3    | XOM: potion effect (brilliance)
 33009 | Elf:3    | XOM: summons friendly shadow imp
 33104 | Elf:3    | XOM: confuse monster(s)
 33158 | Elf:3    | Found Ileppiha's Distillery.
 33167 | Elf:3    | Bought a potion of magic for 128 gold pieces
 33167 | Elf:3    | Bought a potion of resistance for 160 gold pieces
 33167 | Elf:3    | Bought a potion of curing for 48 gold pieces
 33167 | Elf:3    | Bought a potion of might for 64 gold pieces
 33167 | Elf:3    | Bought a potion of curing for 48 gold pieces
 33167 | Elf:3    | Bought a potion of enlightenment for 80 gold pieces
 33171 | Elf:3    | XOM: polymorph shadow imp -> cerulean imp
 33218 | Elf:3    | Paralysed by an air elemental for 1 turns
 33260 | Elf:3    | XOM: summons friendly white imp
 33269 | Elf:3    | XOM: potion effect (brilliance)
 33291 | Elf:3    | Reached skill level 15 in Shields
 33293 | Elf:3    | XOM: potion effect (might)
 33313 | Elf:3    | Killed from afar by a deep elf elementalist

Illustrated notes

Levels and vault maps discovered:
D:1:      ncdulo_halloftheorcs, layout_basic, grunt_decor_arrowhead
D:2:      layout_loops_ring, uniq_jessica
D:3:      layout_basic
D:4:      layout_basic, lemuel_mausoleum_altar_yredelemnul,
          nicolae_ru_great_annihilating_truth, enter_ossuary_2
D:5:      layout_rooms, lemuel_round_altar, nicolae_specific_store
D:6:      layout_loops_corners, makhleb_altar_promises_db,
          minmay_temple_entry_overgrown, cheibrodos_sewer_entry_sluice,
          minmay_holes, uniq_menkaure, uniq_sigmund, uniq_pikel, uniq_edmund
D:7:      minmay_s_stair_smasher, layout_gridville, mainiacjoe_overflow_paths,
          uniq_crazy_yiuf_cottage, uniq_duvessa, uniq_maggie
D:8:      layout_loops_ring, mainiacjoe_overflow_alcove_4,
          pdpol_wu_jian_five_deadly_venoms, uniq_erica, uniq_prince_ribbit1
D:9:      lemuel_castle_with_subvaults [lemuel_castle_interior_carwin_3],
          layout_irregular_city, kennysheep_little_box, david_lair_generic,
          serial_column_ruins, column_ruins_grid_1,
          column_ruins_columns_straight, column_ruins_corridor_straight,
          chequers_serial_rivers_room_a, chequers_jeans
D:10:     layout_loops_corners, enter_bailey_3, uniq_sonja, uniq_joseph
D:11:     layout_roguey, orc_0_dummy
D:12:     layout_roguey, serial_shops, nicolae_shop_tiny_real_fake_doors
D:13:     layout_gridville
D:14:     layout_basic, ximxim_vaults_locker_room, nicolae_cairo_tiling_large,
          minivault_23, uniq_kirke
D:15:     grunt_enter_depths_hoard, layout_loops_ring, minmay_strange_pillars,
          corexii_hall_statues_deadend, drop_trap, kennysheep_four_rooms,
          uniq_louise
Lair:1:   gammafunk_worm_tunnel, layout_chaotic_city, minmay_shattered_shrine
Lair:2:   layout_loops_ring, skrybe_swamp_entry_bodies, lemuel_fruit_fields,
          grunt_megastairs_2
Lair:3:   layout_long_grid, spider_nest_entry_web_field, enter_volcano_2
Lair:4:   layout_cave_pods, nicolae_quartered_pool_medium, grunt_megastairs_5
Lair:5:   evilmike_catoblepas_cave, layout_layer_cave,
          minmay_slime_entry_oklob_enclosed, chequers_serial_rivers_micro_e,
          lemuel_fruit_tree, serial_bayou_shore_b, grunt_megastairs_1,
          infiniplex_staircase_pool_2
Swamp:1:  gammafunk_sealed_arena, layout_basic_swamp,
          evilmike_swamp_ruin_rubble_2, uniq_josephine
Swamp:2:  layout_basic_swamp, serial_swamp_ruin, evilmike_swamp_ruin_rubble_1,
          evilmike_swamp_ruin_house_4, infiniplex_staircase_pool
Swamp:3:  layout_falls_marsh, nicolae_swamp_ascending_descending_big
Swamp:4:  swamp_old_school, layout_basic_swamp
Spider:1: layout_cave_pods, ebering_ghost_disaster_area
Spider:2: layout_spider_delve, nicolae_spider_rock_and_or_roll
Spider:3: layout_spider_delve, nicolae_spider_twisty_arc_passages, uniq_azrael
Spider:4: grunt_spider_rune_circles, uniq_nikola
Orc:1:    layout_caves
Orc:2:    st_orc_ogre_mass, layout_diamond_mine, serial_shops, shop, uniq_donald
Elf:1:    layout_rooms, serial_shops, shop, nicolae_square_shop,
          nicolae_shop_dealshenge, nicolae_shop_stone, nicolae_take_the_stairs,
          hangedman_elven_crosses_minicolossus, orc_legates, uniq_frances,
          uniq_agnes, uniq_norris, uniq_roxanne
Elf:2:    nicolae_elf_blades_crystal_corner, layout_loops_cross, basic_altar
Elf:3:    grunt_elf_hall_branching, layout_onion_city, serial_shops, shop,
          uniq_asterion
Vaults:1: nicolae_vaults_sightless_eye, vaults_dpeg_emergency_exit,
          nicolae_vaults_little_squares_2, nicolae_vaults_network_periphery,
          nicolae_vaults_wrenched, nicolae_vaults_what_the_h, vaults_room_fours,
          nicolae_vaults_door_testing_chamber, vaults_mumra_lcd,
          layout_vaults_quadrants
Vaults:2: nicolae_vaults_shrinking_rooms_2, nicolae_vaults_tangram_1,
          hangedman_vaults_stretched_pinwheel,
          vaults_room_grunt_arrival_checkpoint, minmay_crypt_entry_necro_gods,
          nicolae_vaults_trapezoid_lopsided_3, vaults_mumra_hex,
          nicolae_vaults_network_s, nicolae_vaults_closet_pinwheel_4,
          nicolae_vaults_enemy_cabinets, nicolae_vaults_ring_of_whatevers,
          nicolae_vaults_gold_heap, layout_vaults_big_room, serial_shops,
          nicolae_shop_stone, uniq_mara, uniq_margery

Skill      XL: |  1  2  3  4  5  6  7  8  9 10 11 12 13 14 15 16 17 18 19 20 21 |
---------------+----------------------------------------------------------------+-----
Maces & Flails | 3 5 7 8 11 13 | 13.8
Stealth        | 1 2 |  2.0
Fighting       | 3 4 5 6 7 8 10 11 12 13 14 15 16 17 18 | 18.5
Evocations     | 1 3 4 5 6 9 10 11 12 13 14 15 | 15.0
Spellcasting   | 2 4 5 |  5.0
Axes           | 2 5 6 8 9 11 12 13 | 13.2
Shields        | 2 5 7 9 10 11 12 13 14 15 | 15.0
Armour         | 3 5 6 8 9 |  9.1
Dodging        | 6 8 |  8.3

Action                     |  1- 3 |  4- 6 |  7- 9 | 10-12 | 13-15 | 16-18 | 19-21 || total
---------------------------+-------+-------+-------+-------+-------+-------+-------++-------
  Melee: Mace              |    65 |    33 |   162 |       |       |       |       ||   260
         Bite              |    20 |    38 |    93 |   191 |   378 |   432 |   361 ||  1513
         Punch             |     2 |     4 |     3 |     8 |       |       |       ||    17
         Dagger            |    27 |    90 |    33 |       |       |       |       ||   150
         Flail             |       |       |   105 |    16 |    14 |       |       ||   135
         Hand axe          |       |       |    30 |   578 |   784 |   519 |     5 ||  1916
         Headbutt          |       |       |       |       |   205 |       |       ||   205
         Morningstar       |       |       |       |       |       |     9 |       ||     9
         Eveningstar       |       |       |       |       |       |   404 |   807 ||  1211
  Throw: Dart              |       |       |     3 |     9 |    16 |     2 |       ||    30
  Evoke: Wand              |       |       |     7 |    27 |    22 |     3 |     8 ||    67
         Lightning rod     |       |       |       |    12 |     4 |       |     9 ||    25
         Tin of tremorston |       |       |       |     4 |     5 |     8 |     7 ||    24
         Phantom mirror    |       |       |       |       |     1 |     2 |     2 ||     5
         Phial of floods   |       |       |       |       |       |       |     1 ||     1
         Sack of spiders   |       |       |       |       |       |       |     2 ||     2
    Use: Scroll            |     3 |       |    10 |     4 |    13 |    17 |     7 ||    54
         Potion            |       |       |     2 |     2 |       |     6 |     2 ||    12
   Stab: Sleeping          |     4 |     2 |     1 |       |     6 |       |       ||    13
         Paralysed         |       |     1 |     2 |     7 |     5 |     2 |       ||    17
         Confused          |       |       |     1 |       |    11 |    10 |     8 ||    30
         Petrified         |       |       |       |     2 |     1 |       |       ||     3
         Distracted        |       |       |       |     1 |     1 |     1 |     2 ||     5
         Invisible         |       |       |       |       |     9 |     7 |     1 ||    17
 Armour: Leather armour    |    38 |    28 |       |       |       |       |       ||    66
         Ring mail         |       |    50 |   299 |   405 |   217 |       |       ||   971
         Chain mail        |       |       |       |       |    10 |       |       ||    10
         Storm dragon scal |       |       |       |       |   159 |   965 |   474 ||  1598
  Dodge: Dodged            |    52 |    63 |   176 |   474 |   295 |   281 |   103 ||  1444
         Repelled          |       |       |       |       |       |     3 |     8 ||    11
  Block: Kite shield       |       |       |       |    23 |   497 |   953 |   453 ||  1926
         Reflection        |       |       |       |       |     8 |    22 |    31 ||    61

Table legend: (Time is in decaauts)
 A = Elapsed time spent in this place.
 B = Non-inter-level travel time spent in this place.
 C = Inter-level travel time spent in this place.
 D = Time resting spent in this place.
 E = Time spent auto-exploring this place.
 F = Levels seen in this place.
 G = Mean time per level.
                   A        B        C        D        E       F      G
               +--------+--------+--------+--------+--------+-----+--------+
         Total |  32893 |  30706 |   2187 |    330 |  22493 |  39 |  843.4 |
       Dungeon |  14704 |  13370 |   1334 |    197 |   9838 |  15 |  980.3 |
          Lair |   5572 |   5252 |    320 |     24 |   3954 |   5 | 1114.4 |
         Swamp |   2178 |   2063 |    115 |      0 |   1499 |   4 |  544.5 |
   Spider Nest |   3373 |   3277 |     96 |      0 |   2547 |   4 |  843.2 |
  Orcish Mines |    912 |    784 |    128 |      0 |    638 |   2 |  456.0 |
   Elven Halls |   2197 |   2067 |    130 |     47 |   1335 |   3 |  732.3 |
        Vaults |   2896 |   2834 |     62 |     55 |   2159 |   2 | 1448.0 |
         Sewer |     84 |     84 |      0 |      0 |     51 |   1 |   84.0 |
       Ossuary |    507 |    507 |      0 |      7 |    233 |   1 |  507.0 |
        Bailey |    279 |    279 |      0 |      0 |    129 |   1 |  279.0 |
       Volcano |    187 |    187 |      0 |      0 |    107 |   1 |  187.0 |
               +--------+--------+--------+--------+--------+-----+--------+

Top non-repeatable levels by time:
     D:9: 1881 daAuts
Vaults:1: 1563 daAuts
  Lair:5: 1450 daAuts
Vaults:2: 1333 daAuts
  Lair:1: 1202 daAuts
     D:6: 1179 daAuts
     D:1: 1148 daAuts
     D:4: 1130 daAuts
    D:14: 1126 daAuts
    D:10: 1101 daAuts
Spider:4: 1054 daAuts
     D:3: 1053 daAuts
  Lair:2: 1046 daAuts
   Elf:1: 1005 daAuts
Spider:1: 970 daAuts
